 Dungeon Crawl Stone Soup version 0.29.1-2-gbd0b4ee654 (webtiles) character file.

Game seed: 12385198558001849017

169 safid the Shooter (level 5, -1/48 HPs)
             Began as a Minotaur Hunter on Nov 18, 2022.
             Slain by a gnoll
             ... wielding a +0 club
              (7 damage)
             ... on level 2 of the Dungeon.
             The game lasted 00:03:25 (914 turns).

safid the Shooter (Minotaur Hunter)                  Turns: 914, Time: 00:03:25

Health: -1/48      AC:  7    Str: 16    XL:     5   Next: 25%
Magic:  4/4        EV: 12    Int:  6    God:
Gold:   37         SH:  0    Dex: 15    Spells: 4/4 levels left

rFire   . . .      SeeInvis .   a - +0 shortbow
rCold   . . .      Faith    .   (shield currently unavailable)
rNeg    . . .      Spirit   .   c - +0 leather armour
rPois   .          Reflect  .   (helmet restricted)
rElec   .          Harm     .   (no cloak)
rCorr   .          Rampage  .   (no gloves)
Will    .....                   (no boots)
Stlth   +.........              (no amulet)
HPRegen 0.16/turn               g - +4 ring of protection
MPRegen 0.09/turn               (no ring)

@: no status effects
A: horns 2, retaliatory headbutt
a: no special abilities


You were on level 2 of the Dungeon.
You visited 1 branch of the dungeon, and saw 2 of its levels.

You collected 37 gold pieces.

Inventory:

Hand Weapons
 a - a +0 shortbow (weapon)
Armour
 c - a +0 leather armour (worn)
Jewellery
 g - a +4 ring of protection (left hand)
 h - a ring of fire
Scrolls
 b - a scroll of immolation
 d - a scroll of torment {unknown}
 f - 3 scrolls of teleportation {unknown}
 i - 2 scrolls of identify {unknown}
 j - a scroll of vulnerability {unknown}
 k - a scroll of noise {unknown}
 m - a scroll of poison {unknown}
Potions
 e - a potion of flight {unknown}
 l - a potion of might {unknown}


   Skills:
 + Level 5.0 Fighting
 + Level 6.0 Ranged Weapons
 - Level 2.1 Dodging
 - Level 0.7 Stealth


You had 4 spell levels left.
You didn't know any spells.
Your spell library contained the following spells:

 Spells                   Type           Power      Damage    Failure   Level
 Confusing Touch          Hex            0%         N/A       88%         3
 Yara's Violent Unravell  Hex/Tmut       0%         3d3       100%        5
 Enfeeble                 Hex            0%         N/A       100%        7


Dungeon Overview and Level Annotations

Branches:
Dungeon (2/15)

Altars:

Shops:
D:1 =


Innate Abilities, Weirdness & Mutations

You have a pair of horns on your head.
You reflexively headbutt those who attack you in melee.


Message History

Unknown command.
Fire: a) +0 shortbow
Press: ? - help, Q - select action Shift-Dir - straight line, f - gnoll
Aim: a gnoll, wielding a +0 club (68% to hit)
You shoot an arrow. The gnoll shouts!
The arrow hits the gnoll.
The gnoll is lightly wounded.
A gnoll comes into view. It is wielding a +0 spear.
The gnoll hits you with a +0 club.
Fire: a) +0 shortbow
Press: ? - help, Q - select action Shift-Dir - straight line, f/p - gnoll
Aim: a gnoll, wielding a +0 club (lightly wounded, 68% to hit)
You shoot an arrow. The arrow hits the gnoll!
The gnoll is severely wounded.
You hear a shout!
The gnoll barely misses you.
Fire: a) +0 shortbow
Press: ? - help, Q - select action Shift-Dir - straight line, f/p - gnoll
Aim: a gnoll, wielding a +0 club (severely wounded, 68% to hit)
You shoot an arrow. The arrow barely misses the gnoll.
The arrow hits the kobold.
The kobold is severely wounded.
The gnoll hits you with a +0 club.
A gnoll comes into view. It is wielding a +0 halberd.
Okay, then.
Okay, then.
The gnoll hits you with a +0 club.
* * * LOW HITPOINT WARNING * * *
Items here: ( ))) †.
The gnoll attacks as you move away! The gnoll barely misses you.
The gnoll attacks as you move away! The gnoll hits you with a +0 club.
* * * LOW HITPOINT WARNING * * *
The gnoll attacks as you move away! The gnoll hits you with a +0 club.
* * * LOW HITPOINT WARNING * * *
The gnoll attacks as you move away! The gnoll hits you but does no damage.
The gnoll attacks as you move away! The gnoll hits you with a +0 club.
* * * LOW HITPOINT WARNING * * *
The gnoll attacks as you move away! The gnoll hits you with a +0 club!
You die...

#.#.##... ###.#.#.##...
.............
####..#.#.##...
#.......#.##...
#.......#......
#..............
#######.......##...#.
#..g@.........###.##.
#K####........# #.##. #.#
#........# #.### #K#
#.####.#.# #.#.. #.#
#......#.# #.#.#
#######g####^.#####.# #.#.#
......>.......#####.###.#.#
#######g####..............#
#.# ########.###.###


You could see a gnoll and a kobold.

Vanquished Creatures
  An ogre (D:2)
  4 gnolls (D:2)
  An adder (D:2)
  A worm (D:2)
  2 ball pythons (D:1)
  4 endoplasms
  2 giant cockroaches (D:1)
  2 goblins
  4 hobgoblins (D:1)
  2 quokkas (D:1)
  3 bats (D:1)
  A frilled lizard (D:1)
  4 kobolds (D:1)
  3 rats
34 creatures vanquished.

Notes
Turn   | Place    | Note
-------+----------+-------------------------------------------
     0 | D:1      | safid the Minotaur Hunter began the quest for the Orb.
     0 | D:1      | Reached XP level 1. HP: 18/18 MP: 0/0
    43 | D:1      | Reached XP level 2. HP: 25/25 MP: 1/1
   414 | D:1      | Found Ittucwar's Jewellery Shoppe.
   595 | D:1      | Found a faded altar of an unknown god.
   685 | D:2      | Reached skill level 5 in Ranged Weapons
   685 | D:2      | Reached XP level 3. HP: 31/31 MP: 2/2
   713 | D:2      | Noticed an ogre
   720 | D:2      | Killed an ogre
   721 | D:2      | Reached XP level 4. HP: 41/41 MP: 3/3
   886 | D:2      | Reached XP level 5. HP: 47/47 MP: 4/4
   898 | D:2      | Reached skill level 5 in Fighting
   898 | D:2      | Reached skill level 6 in Ranged Weapons
   914 | D:2      | Slain by a gnoll

Illustrated notes

Levels and vault maps discovered:
D:1:      dpeg_arrival_stonehenge_8_columns, layout_basic,
          dreamdust_ecumenical_altar_angels_and_demons, serial_shops,
          nicolae_shop_stone
D:2:      layout_loops_ring, serial_shops, nicolae_shop_advertising_works
          [nicolae_subvault_shop_adworks]

Skill      XL: |  1  2  3  4  5 |
---------------+----------------+-----
Fighting       | 3 4 5 |  5.0
Ranged Weapons | 5 6 |  6.0
Dodging        | |  2.1
Stealth        | |  0.7

Action                   |  1- 3 |  4- 6 || total
-------------------------+-------+-------++-------
 Fire: Shortbow          |    74 |    25 ||    99
Armor: Leather armour    |     8 |     2 ||    10
Dodge: Dodged            |    19 |     9 ||    28
